 Dungeon Crawl Stone Soup version 0.30.1-9-gdf580d7c3d (webtiles) character file.

Game seed: 17273014643612980016

1869 Matchingsocks the Geomancer (level 9, -3/45 HPs)
             Began as a Gargoyle Earth Elementalist on Oct 18, 2023.
             Killed from afar by Maggie (12 damage)
             ... with a bolt of fire
             ... on level 6 of the Dungeon on Oct 19, 2023.
             The game lasted 01:00:26 (6365 turns).

Matchingsocks the Geomancer (GrEE)                  Turns: 6365, Time: 01:00:26

Health: -3/45      AC: 19    Str: 15    XL:     9   Next: 13%
Magic:  1/12       EV: 10    Int: 25    God:
Gold:   315        SH:  0    Dex: 10    Spells: 8/12 levels left

rFire   + . .        X - +1 mace (holy)
rCold   . . .        (no shield)
rNeg    + . .        y - +5 ring mail of Uvvoq {rF+ Str+2}
rPois   ∞            (no helmet)
rElec   +            (no cloak)
rCorr   .            N - +0 pair of gloves
SInv    .            (no boots)
Will    .....        V - amulet of regeneration
Stlth   +            l - ring of wizardry
HPRegen 1.07/turn    S - +6 ring of intelligence
MPRegen 0.13/turn

%: wizardry (x1)
@: no status effects
A: sickness immunity, AC +6, negative energy resistance 1, electricity
resistance, torment resistance 1, petrification resistance
a: no special abilities


You were on level 6 of the Dungeon.
You visited 1 branch of the dungeon, and saw 6 of its levels.

You collected 354 gold pieces.
You spent 39 gold pieces at shops.

Inventory:

Hand Weapons
 e - a +0 club
 f - a +0 spear
 h - a +0 club
 i - a +0 mace
 w - a +0 flail
 O - a +3 war axe
 X - a +1 mace of holy wrath (weapon)
Missiles
 d - 9 curare-tipped darts
 g - 76 stones
 v - 12 boomerangs
 J - 11 poisoned darts
 U - a throwing net
Armour
 a - a +0 robe
 o - a +0 ring mail
 t - a +0 chain mail
 y - the +5 ring mail of Uvvoq (worn) {rF+ Str+2}
   (You found it on level 3 of the Dungeon)

   Str:       It affects your strength (+2).
   rF:        It protects you from fire.
 N - a +0 pair of gloves (worn)
Jewellery
 l - a ring of wizardry (left hand)
 E - a ring of see invisible
 S - a +6 ring of intelligence (right hand)
 T - a +6 ring of strength
 V - an amulet of regeneration (around neck)
Wands
 P - a wand of digging (2)
 Q - a wand of flame (15) (quivered)
Scrolls
 j - 2 scrolls of summoning {unknown}
 n - 2 scrolls of magic mapping {unknown}
 r - 3 scrolls of identify {unknown}
 s - a scroll of amnesia {unknown}
 u - a scroll of blinking {unknown}
 A - 2 scrolls of vulnerability {unknown}
 B - a scroll of enchant weapon {unknown}
 D - a scroll of silence {unknown}
 G - 2 scrolls of immolation {unknown}
 I - 3 scrolls of poison {unknown}
 K - a scroll of noise {unknown}
 L - a scroll of teleportation {unknown}
 M - 2 scrolls of enchant armour {unknown}
 R - a scroll of torment {unknown}
 W - a scroll of fog {unknown}
Potions
 b - a potion of magic
 c - 2 potions of brilliance {unknown}
 k - a potion of heal wounds {unknown}
 m - 2 potions of curing
 p - a potion of degeneration {unknown}
 q - 2 potions of might {unknown}
 x - a potion of haste {unknown}
 z - 3 potions of lignification {unknown}
 C - a potion of invisibility {unknown}
 F - 2 potions of attraction {unknown}
 H - 2 potions of flight


   Skills:
 - Level 0.1 Throwing
 + Level 6.5 Armour
 - Level 1.5 Dodging
 - Level 2.1 Stealth
 - Level 2.0 Spellcasting
 - Level 1.8 Conjurations
 + Level 4.7 Transmutations
 - Level 10.0 Earth Magic


You had 8 spell levels left.
You knew the following spells:

 Your Spells              Type           Power      Damage    Failure   Level
a - Sandblast             Erth           100%       2d20      1%          1
b - Stone Arrow           Conj/Erth      64%        3d11      2%          3

Your spell library contained the following spells:

 Spells                   Type           Power      Damage    Failure   Level
 Passwall                 Tmut/Erth      32%        N/A       1%          2
 Wereblood                Tmut           26%        N/A       1%          2
 Petrify                  Tmut/Erth      39%        N/A       4%          4
 Static Discharge         Conj/Air       14%        2-3/arc   9%          2
 Animate Armour           Summ/Erth      54%        N/A       11%         4
 Lesser Beckoning         Tloc           4%         N/A       12%         2
 Gell's Gravitas          Tloc           2%         N/A       24%         3
 Teleport Other           Tloc           2%         N/A       24%         3
 Blade Hands              Tmut           13%        N/A       32%         5
 Irradiate                Conj/Tmut      9%         3d14      47%         5
 Airstrike                Air            1%         2d(1-17)  58%         4
 Summon Lightning Spire   Summ/Air       2%         N/A       58%         4
 Dragon Form              Tmut           13%        N/A       100%        7
 Summon Hydra             Summ           1%         N/A       100%        7
 Lehudib's Crystal Spear  Conj/Erth      16%        10d5      100%        8
 Sublimation of Blood     Necr           Unusable   N/A       N/A         2

Dungeon Overview and Level Annotations

Branches:
Dungeon (6/15)
 Temple: D:4-7

Altars:
Dithmenos
Qazlal
Uskayaw

Shops:
D:4 !*   D:6 *

Annotations:
D:6 Maggie


Innate Abilities, Weirdness & Mutations

You are immune to sickness and miasma.
Your stone body is resilient. (AC +6)
You are immune to poison.
You resist negative energy. (rN+)
You are resistant to electric shocks. (rElec)
You are resistant to unholy torment.
You are immune to petrification.


Message History

Cast which spell? (? or * to list)
Aiming: Stone Arrow (dangerous; 2% risk of failure)
Press: ? - help, Shift-Dir - straight line, f/p - Maggie
Aim: Maggie, wielding a +0 war axe of distortion, wearing +0 steam dragon scales and carrying a wand of mindburst (15) (lightly wounded, 74% to hit)
The stone arrow hits Maggie!
Maggie is moderately wounded.
Casting: Stone Arrow (dangerous; 2% risk of failure)
Confirm with . or Enter, or press ? or * to list all spells.
Aiming: Stone Arrow (dangerous; 2% risk of failure)
Press: ? - help, Shift-Dir - straight line, f/p - Maggie
Aim: Maggie, wielding a +0 war axe of distortion, wearing +0 steam dragon scales and carrying a wand of mindburst (15) (moderately wounded, 74% to hit)
The stone arrow misses Maggie.
Casting: Stone Arrow (dangerous; 2% risk of failure)
Confirm with . or Enter, or press ? or * to list all spells.
Aiming: Stone Arrow (dangerous; 2% risk of failure)
Press: ? - help, Shift-Dir - straight line, f/p - Maggie
Aim: Maggie, wielding a +0 war axe of distortion, wearing +0 steam dragon scales and carrying a wand of mindburst (15) (moderately wounded, 74% to hit)
The stone arrow hits Maggie!
Maggie is heavily wounded.
Maggie zaps a wand.
You struggle to resist.
Casting: Stone Arrow (dangerous; 2% risk of failure)
Confirm with . or Enter, or press ? or * to list all spells.
Aiming: Sandblast (safe; 1% risk of failure)
Press: ? - help, Shift-Dir - straight line, f/p - Maggie
Aim: Maggie, wielding a +0 war axe of distortion, wearing +0 steam dragon scales and carrying a wand of mindburst (14) (heavily wounded, 85% to hit)
The blast of sand hits Maggie but does no damage.
Maggie is heavily wounded.
Maggie hits you but does no damage. Space warps around you.
Casting: Sandblast (safe; 1% risk of failure)
Confirm with . or Enter, or press ? or * to list all spells.
Aiming: Sandblast (safe; 1% risk of failure)
Press: ? - help, Shift-Dir - straight line, f/p - Maggie
Aim: Maggie, wielding a +0 war axe of distortion, wearing +0 steam dragon scales and carrying a wand of mindburst (14) (heavily wounded, 85% to hit)
The blast of sand hits Maggie!
Maggie is almost dead.
Maggie hits you but does no damage. Space warps horribly around you!!
* * * LOW HITPOINT WARNING * * *
Maggie casts a spell at you. The bolt of fire hits you! You resist.
You die...

###.. ## ###...... #.##.#....[##
### ...........# ###.##
..........# ##.#..# .........#
##.....# ####......... ....#.##
#...†........ .[.##.###
##....@@......
##..#...###.....##......
##.##..###.............. )# #
.#....###.....##.##..$.. .##
##.##.............. .....### #..
.................... ..#..#.##..
.#..#....##..##..###.# ##........
#...#))..........#...# #.......
#.....###.##.........#####.......


You could see Maggie.

Vanquished Creatures
  Grinder (D:3)
  Edmund (D:4)
  A water moccasin (D:5)
  An ogre (D:5)
  A black bear (D:5)
  2 centaurs
  A phantom (D:6)
  A gnoll sergeant (D:5)
  4 scorpions
  A gnoll bouda (D:5)
  4 hounds
  3 jellies
  2 orc priests
  3 iguanas (D:6)
  3 orc wizards
  7 adders
  8 gnolls (D:5)
  A shadow imp (D:6)
  2 white imps
  2 ufetubi (D:5)
  A worm (D:5)
  3 dart slugs
  17 orcs
  4 ball pythons
  5 bats
  5 endoplasms
  4 giant cockroaches
  7 hobgoblins
  3 quokkas
  4 frilled lizards (D:2)
  8 goblins
  12 kobolds
  3 rats (D:1)
125 creatures vanquished.

Notes
Turn   | Place    | Note
-------+----------+-------------------------------------------
     0 | D:1      | Matchingsocks the Gargoyle Earth Elementalist began the
                  | quest for the Orb.
     0 | D:1      | Reached XP level 1. HP: 10/10 MP: 3/3
   119 | D:2      | Reached skill level 4 in Earth Magic
   195 | D:1      | Reached XP level 2. HP: 15/15 MP: 0/5
   432 | D:1      | Found a faded altar of an unknown god.
   836 | D:1      | Reached skill level 5 in Earth Magic
   836 | D:1      | Reached XP level 3. HP: 19/19 MP: 3/6
   840 | D:1      | Learned a level 3 spell: Stone Arrow
  1868 | D:3      | Reached XP level 4. HP: 24/24 MP: 3/7
  1878 | D:3      | Noticed Grinder
  2192 | D:3      | Identified the +5 ring mail of Uvvoq {rF+ Str+2}
  2260 | D:3      | Killed Grinder
  2261 | D:3      | Reached skill level 1 in Armour
  2261 | D:3      | Reached skill level 1 in Conjurations
  2261 | D:3      | Reached skill level 7 in Earth Magic
  2261 | D:3      | Reached XP level 5. HP: 28/28 MP: 3/8
  2261 | D:3      | Reached XP level 6. HP: 32/32 MP: 3/9
  2808 | D:4      | Found a shadowy altar of Dithmenos.
  2963 | D:4      | Found a stormy altar of Qazlal.
  3025 | D:4      | Reached skill level 1 in Transmutations
  3300 | D:4      | Reached skill level 8 in Earth Magic
  3300 | D:4      | Reached XP level 7. HP: 30/36 MP: 4/10
  3348 | D:4      | Found Puxysteck's Distillery.
  3351 | D:4      | Bought a potion of flight for 39 gold pieces
  3425 | D:4      | Noticed Edmund
  3619 | D:5      | Entered Level 5 of the Dungeon
  3973 | D:5      | Reached skill level 9 in Earth Magic
  4206 | D:5      | Reached XP level 8. HP: 37/41 MP: 8/11
  4734 | D:6      | Found Tomoh's Assorted Antiques.
  4935 | D:6      | Reached skill level 10 in Earth Magic
  5058 | D:6      | Reached skill level 5 in Armour
  5599 | D:4      | Killed Edmund
  5611 | D:4      | Found a hide-covered altar of Uskayaw.
  5688 | D:4      | Reached XP level 9. HP: 43/45 MP: 9/12
  5905 | D:4      | Found Leurohy's Lightly-Used Armoury.
  6359 | D:6      | Noticed Maggie
  6365 | D:6      | Killed from afar by Maggie

Illustrated notes

Levels and vault maps discovered:
D:1:      lemuel_arrival_lava_pool, layout_basic,
          chequers_ecumenical_altar_simple_redux, minmay_misc_feat_rugged
D:2:      layout_loops_ring
D:3:      layout_rooms, uniq_grinder
D:4:      layout_basic, old_standard_altar, grunt_qazlal_clouds,
          eat_drink_and_be_merry_uskayaw, serial_shops,
          nicolae_shop_window_shopping, grunt_ministairs_11,
          minmay_shop_damaged, wad_floor_pattern_2, st_stairs_4, moated_statue,
          uniq_edmund
D:5:      kennysheep_six_static_rooms, layout_basic
D:6:      layout_cave_pools, serial_shops, nicolae_shop_trees,
          small_statue_intersection, uniq_maggie

Skill      XL: |  1  2  3  4  5  6  7  8  9 |
---------------+----------------------------+-----
Earth Magic    | 4 5 7 8 9 10 | 10.0
Armour         | 1 2 3 5 6 |  6.5
Conjurations   | 1 |  1.8
Transmutations | 1 2 4 |  4.7
Throwing       | |  0.1
Dodging        | |  1.5
Stealth        | |  2.1
Spellcasting   | |  2.0

Action                     |  1- 3 |  4- 6 |  7- 9 || total
---------------------------+-------+-------+-------++-------
  Melee: Spear             |    17 |       |       ||    17
         Flail             |       |       |     4 ||     4
  Throw: Dart              |       |     2 |       ||     2
   Cast: Sandblast         |    42 |    46 |    95 ||   183
         Stone Arrow       |       |       |     7 ||     7
  Evoke: Wand              |       |       |    23 ||    23
    Use: Potion            |       |       |     1 ||     1
 Armour: Robe              |     2 |       |       ||     2
         Ring mail         |       |     7 |    37 ||    44
  Dodge: Dodged            |    20 |    17 |    27 ||    64
